 Dungeon Crawl Stone Soup version 0.28-a0-1524-ge72afd5fc6 (webtiles) character file.

Game seed: 6302322358400519503

2219 fragbeetle the Ruffian (level 9, -6/86 HPs)
             Began as a Purple Draconian Transmuter on Jan 17, 2022.
             Was an Initiate of Gozag.
             Shot with a bolt by an orc (15 damage)
             ... in a bailey.
             The game lasted 00:18:46 (7618 turns).

fragbeetle the Ruffian (DrTm)                       Turns: 7618, Time: 00:18:47

Health: -6/86      AC:  6    Str: 16    XL:     9   Next: 13%
Magic:  1/12       EV: 11    Int: 13    God:    Gozag
Gold:   743        SH:  0    Dex: 13    Spells: 5/13 levels left

rFire   x . .      SeeInvis .     - Unarmed
rCold   + + +      Faith    .   (shield currently unavailable)
rNeg    . . .      Spirit   .   (armour unavailable)
rPois   +          Reflect  .   (helmet currently unavailable)
rElec   .          Harm     .   (cloak currently unavailable)
rCorr   .          Rampage  .   (gloves currently unavailable)
Will    +....                   (boots currently unavailable)
Stlth   +.........              (no amulet)
HPRegen 0.24/turn               t - ring of poison resistance
MPRegen 0.13/turn               (no ring)

@: ice-form, very slightly contaminated, studying Maces & Flails
A: freezing attack, amphibious, boosted hp, (breathe power), AC +7, large,
unfitting armour, (cold-blooded)
a: End Transformation, Renounce Religion, Potion Petition, Call Merchant, Bribe
Branch


You were in a bailey.
You worshipped Gozag.
Gozag was pleased with you.
You were a creature of crystalline ice.
You visited 2 branches of the dungeon, and saw 9 of its levels.
You also visited: Bailey.

You collected 868 gold pieces.
You spent 71 gold pieces at shops.
You paid 54 gold pieces to Gozag.

Inventory:

Hand Weapons
 k - a +0 hunting sling
 m - the +8 dagger of Compassion {spect, Dex+4}
   (You found it on level 3 of the Dungeon)

   When its wielder attacks, the weapon's spirit leaps out and strikes again.
   The spirit shares a part of any damage it takes with its wielder.
   Dex:       It affects your dexterity (+4).
 A - a +4 spear
Missiles
 j - 80 sling bullets
 r - 5 boomerangs
 u - 10 poisoned darts
 y - 2 throwing nets
 z - 5 curare-tipped darts
 Z - 270 stones
Jewellery
 q - a ring of fire
 t - a ring of poison resistance (left front paw)
Wands
 w - a wand of iceblast (13)
Scrolls
 b - a scroll of silence {unknown}
 c - 3 scrolls of amnesia
 d - a scroll of fog {unknown}
 h - 2 scrolls of teleportation
 l - 2 scrolls of torment
 o - 3 scrolls of magic mapping
 p - a scroll of holy word {unknown}
 x - 2 scrolls of noise {unknown}
Potions
 e - 2 potions of resistance
 f - 2 potions of heal wounds
 g - a potion of mutation
 i - 2 potions of brilliance
 n - 3 potions of curing
 s - a potion of degeneration {unknown}
 v - 2 potions of attraction {unknown}


   Skills:
 + Level 4.5 Fighting
 + Level 4.0 Dodging
 * Level 6.6 Unarmed Combat
 + Level 2.6 Spellcasting
 * Level 6.3 Transmutations
 * Level 4.4 Ice Magic
 - Level 4.0 Poison Magic


You had 5 spell levels left.
You knew the following spells:

 Your Spells              Type           Power      Damage    Failure   Level
a - Beastly Appendage     Tmut           36%        N/A       1%          1
b - Spider Form           Tmut/Pois      15%        N/A       9%          3
c - Ice Form              Ice/Tmut       15%        N/A       26%         4

Your spell library contained the following spells:

 Spells                   Type           Power      Damage    Failure   Level
 Wereblood                Tmut           18%        N/A       2%          2
 Animate Skeleton         Necr           2%         N/A       24%         1
 Pain                     Necr           4%         1d4       24%         1
 Vampiric Draining        Necr           1%         2d6       58%         3


Dungeon Overview and Level Annotations

Branches:
Dungeon (8/15)             Temple (1/1) D:4          Bailey (1/1)
   Lair: D:8-11

Altars:
Ashenzari
Cheibriados
Dithmenos
Elyvilon
Fedhas
Gozag
Hepliaklqana
Makhleb
Nemelex Xobeh
Okawaru
Qazlal
Ru
Sif Muna
Trog
Uskayaw
Vehumet
Wu Jian
Yredelemnul
Zin
The Shining One

Shops:
D:3 ?   D:7 *

Annotations:
D:5 yaks


Innate Abilities, Weirdness & Mutations

You are a creature of crystalline ice.
You have a powerful freezing melee attack.
You are amphibious.
Your maximum health is increased.
Your armour is entirely melded.
You are incapable of wielding weapons or throwing items.
((You can breathe bolts of dispelling energy.))
((Your rich purple scales are hard. (AC +7)))
You cannot fit into any form of body armour.
((You are cold-blooded and may be slowed by cold attacks.))


Message History

You start resting.
Your transformation has ended.
You start resting.
An orc is nearby!
An orc comes into view. It is wielding a +0 arbalest.
Casting: Spider Form (dangerous; 9% risk of failure)
Confirm with . or Enter, or press ? or * to list all spells.
You miscast Ice Form.
You are very lightly contaminated with residual magic.
Nothing appears to happen.
The orc shoots a bolt.
The bolt misses you.
Casting: Ice Form (dangerous; 26% risk of failure)
Confirm with . or Enter, or press ? or * to list all spells.
You miscast Ice Form.
A chill runs through your body!
* * * LOW HITPOINT WARNING * * *
The orc shouts!
You hear a shout! x2
The orc shoots a bolt.
The bolt hits you.
* * * LOW HITPOINT WARNING * * *
You feel much better.
The orc shoots a bolt.
The bolt hits you!
An orc comes into view. It is wielding a +0 arbalest.
Okay, then.
Casting: Ice Form (dangerous; 26% risk of failure)
Confirm with . or Enter, or press ? or * to list all spells.
You turn into a creature of crystalline ice.
The orc shouts!
The orc shoots a bolt.
The bolt misses you.
The orc shoots a bolt.
The bolt hits you.
You hear a shout!
An orc warrior comes into view. It is wielding a +0 arbalest.
Found a gate leading back out of this place.
The orc warrior shouts!
The orc warrior moves out of view.
An orc comes into view. It is wielding a +0 arbalest.
The orc shoots a bolt.
The bolt hits you!
The orc shoots a bolt.
The bolt hits you!
* * * LOW HITPOINT WARNING * * *
The orc warrior shoots a bolt.
The bolt hits you!
* * * LOW HITPOINT WARNING * * *
The orc shoots a bolt.
The bolt hits you!
You die...
Your body crumbles into a pile of gold.

##........ ≈≈...####
####...≈≈≈.≈≈
.##≈......###......≈##.#≈
.o#≈...............≈#∩.## .
o.o.................)..#
#o##≈...............≈##.##
≈###≈≈...............≈≈###≈
≈≈≈≈≈........o........≈≈≈≈≈
..........Y................
...........................
...........................
...........................
###########################


You could see an orc warrior and 3 orcs.

Vanquished Creatures
  Sigmund (D:5)
  2 water moccasins
  A sky beast (D:6)
  3 orc warriors
  A black bear (D:5)
  An ice beast (D:7)
  A necrophage (D:4)
  An ogre (D:7)
  A centaur (D:7)
  A phantom (D:5)
  A scorpion (D:5)
  A water moccasin zombie (D:5)
  4 wights (D:7)
  4 hounds
  An orc priest (D:7)
  Terence (D:3)
  2 iguanas
  7 orc wizards
  A hound skeleton (D:5)
  6 gnolls (D:7)
  A howler monkey skeleton (D:6)
  7 adders
  A shadow imp (D:7)
  A white imp (D:5)
  2 ufetubi
  An adder skeleton (D:5)
  2 dart slugs
  18 orcs
  3 endoplasms
  22 goblins
  16 hobgoblins
  3 jackals (D:1)
  6 quokkas
  10 ball pythons
  3 bats
  2 frilled lizards
  12 kobolds
  3 rats (D:1)
154 creatures vanquished.

Vanquished Creatures (others)
  A plant (D:7)
1 creature vanquished.

Grand Total: 155 creatures vanquished

Notes
Turn   | Place    | Note
-------+----------+-------------------------------------------
     0 | D:1      | fragbeetle the Draconian Transmuter began the quest for the
                  | Orb.
     0 | D:1      | Reached XP level 1. HP: 16/16 MP: 3/3
   173 | D:1      | Reached XP level 2. HP: 20/23 MP: 3/5
   673 | D:2      | Reached XP level 3. HP: 21/28 MP: 4/6
   677 | D:2      | Learned a level 3 spell: Spider Form
  1221 | D:2      | Reached skill level 1 in Poison Magic
  1221 | D:2      | Reached XP level 4. HP: 24/36 MP: 7/7
  2069 | D:2      | Found a shimmering blue altar of Sif Muna.
  2175 | D:3      | Found a faded altar of an unknown god.
  2197 | D:3      | Identified the +8 dagger of Compassion {spect, Dex+4}
  2285 | D:3      | Noticed Terence
  2293 | D:3      | Killed Terence
  2294 | D:3      | Reached XP level 5. HP: 40/41 MP: 6/8
  2672 | D:3      | Found Xinul's Magic Scroll Shoppe.
  2676 | D:3      | Bought a scroll of identify for 26 gold pieces
  2676 | D:3      | Bought a scroll of magic mapping for 45 gold pieces
  3188 | D:4      | Noticed a necrophage
  3194 | D:4      | Killed a necrophage
  3290 | D:4      | Found a staircase to the Ecumenical Temple.
  3305 | Temple   | Entered the Ecumenical Temple
  3340 | Temple   | Became a worshipper of Gozag Ym Sagoz the Greedy
  3353 | Temple   | Learned a level 4 spell: Ice Form
  3859 | D:4      | Reached XP level 6. HP: 50/50 MP: 7/9
  4059 | D:5      | Entered Level 5 of the Dungeon
  4070 | D:5      | Noticed a water moccasin
  4344 | D:5      | Noticed Sigmund
  4354 | D:5      | Killed Sigmund
  4429 | D:5      | Reached skill level 1 in Ice Magic
  4450 | D:5      | Your scales start taking on a rich purple colour.
  4450 | D:5      | Reached XP level 7. HP: 56/56 MP: 7/10
  4537 | D:5      | Noticed a yak
  4543 | D:5      | Noticed a yak
  4545 | D:5      | Noticed a yak
  4580 | D:5      | Reached skill level 5 in Unarmed Combat
  4886 | D:5      | Reached skill level 5 in Transmutations
  5247 | D:6      | Reached XP level 8. HP: 54/64 MP: 9/11
  5736 | D:6      | Found a snail-covered altar of Cheibriados.
  7180 | D:7      | Found Utos's Assorted Antiques.
  7299 | D:7      | Found a sacrificial altar of Ru.
  7340 | D:7      | Reached XP level 9. HP: 59/72 MP: 10/12
  7443 | D:8      | Found a flagged portal.
  7494 | Bailey   | Entered a bailey
  7618 | Bailey   | Shot with a bolt by an orc

Illustrated notes

Levels and vault maps discovered:
D:1:      wander_arrival_estate, layout_rooms, minmay_strange_pillars
D:2:      cheibrodos_greedy_goblins, layout_loops_corners, basic_altar,
          minivault_11
D:3:      layout_basic, serial_shops, shop, basic_ecumenical_altar,
          kennysheep_generic_room_15, uniq_terence
D:4:      layout_basic, minmay_temple_entry_large_hall, minmay_diced_spiral
D:5:      layout_cave_pods, minmay_misc_feat_alley, minmay_manual_monstrance,
          uniq_sigmund
D:6:      layout_rooms, amcnicky_altar_gilded, corexii_item_surrounded_by_moat
D:7:      corexii_shantytown, layout_basic, mainiacjoe_overflow_24_doors,
          serial_shops, nicolae_shop_window_shopping
D:8:      layout_basic, enter_bailey_5, serial_glass, glass_columns_a,
          glass_columns_a
Temple:   nicolae_temple_no_exploring_needed
Bailey:   bailey_polearm_2, bailey

Skill      XL: |  1  2  3  4  5  6  7  8  9 |
---------------+----------------------------+-----
Dodging        | 2 3 4 |  4.0
Transmutations | 3 4 5 6 |  6.3
Poison Magic   | 1 2 3 4 |  4.0
Fighting       | 2 3 4 |  4.5
Unarmed Combat | 4 5 6 |  6.6
Ice Magic      | 1 2 4 |  4.4
Spellcasting   | |  2.6

Action                   |  1- 3 |  4- 6 |  7- 9 || total
-------------------------+-------+-------+-------++-------
Melee: Unarmed           |    71 |    41 |   125 ||   237
       Kick              |    13 |    19 |    14 ||    46
       Headbutt          |     7 |    20 |     5 ||    32
       Tailslap          |     6 |     8 |    11 ||    25
       Punch             |     1 |       |     2 ||     3
       Dagger            |       |    58 |    62 ||   120
 Fire: Hunting sling     |       |       |     3 ||     3
 Cast: Beastly Appendage |    21 |    41 |    15 ||    77
       Spider Form       |       |       |    17 ||    17
       Ice Form          |       |       |     4 ||     4
 Abil: Breathe Dispellin |       |       |     2 ||     2
       End Transformatio |       |       |     4 ||     4
  Use: Scroll            |       |     4 |     6 ||    10
       Potion            |       |       |     1 ||     1
 Stab: Sleeping          |     1 |     3 |       ||     4
       Distracted        |       |       |     1 ||     1
Armor: Skin              |    25 |    24 |    23 ||    72
Dodge: Dodged            |    37 |    39 |   149 ||   225

Table legend: (Time is in decaauts)
 A = Elapsed time spent in this place.
 B = Non-inter-level travel time spent in this place.
 C = Inter-level travel time spent in this place.
 D = Time resting spent in this place.
 E = Time spent auto-exploring this place.
 F = Levels seen in this place.
 G = Mean time per level.
                   A        B        C        D        E       F      G
               +--------+--------+--------+--------+--------+-----+--------+
         Total |   7603 |   7418 |    185 |   1017 |   4244 |  10 |  760.3 |
       Dungeon |   7440 |   7255 |    185 |    993 |   4244 |   8 |  930.0 |
        Temple |     42 |     42 |      0 |      0 |      0 |   1 |   42.0 |
        Bailey |    120 |    120 |      0 |     24 |      0 |   1 |  120.0 |
               +--------+--------+--------+--------+--------+-----+--------+

Top non-repeatable levels by time:
     D:7: 1554 daAuts
     D:2: 1502 daAuts
     D:4: 1059 daAuts
     D:3: 987 daAuts
     D:5: 923 daAuts
     D:6: 694 daAuts
     D:1: 664 daAuts
  Bailey: 120 daAuts
     D:8: 55 daAuts
  Temple: 42 daAuts
